 Dungeon Crawl Stone Soup version 0.29.1-12-g30fa7ad0bf (webtiles) character file.

Game seed: 11377305017710930218

106 kingofthe the Sneak (level 4, -1/21 HPs)
             Began as a Spriggan Venom Mage on Jan 19, 2023.
             Slain by Grinder (4 damage)
             ... while paralysed by Grinder
             ... on level 3 of the Dungeon.
             The game lasted 00:13:05 (3790 turns).

kingofthe the Sneak (Spriggan Venom Mage)           Turns: 3790, Time: 00:13:06

Health: -1/21      AC:  2    Str:  4    XL:     4   Next: 55%
Magic:  1/10       EV:  4    Int: 16    God:
Gold:   116        SH:  0    Dex: 17    Spells: 7/10 levels left

rFire   . . .      SeeInvis +   k - +1 whip (elec)
rCold   + + .      Faith    .   (no shield)
rNeg    . . .      Spirit   .   a - +0 robe
rPois   .          Reflect  .   (helmet restricted)
rElec   .          Harm     .   (no cloak)
rCorr   .          Rampage  .   (gloves unavailable)
Will    .....                   (boots unavailable)
Stlth   +++.......              (no amulet)
HPRegen 0.07/turn               g - ring of protection from cold
MPRegen 0.12/turn               n - ring of protection from cold

@: paralysed, very slightly contaminated, very quick
A: very small, no large weapons, unfitting armour, see invisible, speed 3
a: no special abilities


You were on level 3 of the Dungeon.
You visited 1 branch of the dungeon, and saw 3 of its levels.

You collected 116 gold pieces.

Inventory:

Hand Weapons
 f - a +0 dagger
 k - a +1 whip of electrocution (weapon)
Armour
 a - a +0 robe (worn)
Jewellery
 g - a ring of protection from cold (left hand)
 n - a ring of protection from cold (right hand)
Scrolls
 e - a scroll of summoning {unknown}
 h - 4 scrolls of identify {unknown}
 i - a scroll of blinking {unknown}
 j - a scroll of teleportation {unknown}
 l - 2 scrolls of fear {unknown}
Potions
 b - 2 potions of magic
 c - 2 potions of degeneration {unknown}
 d - 2 potions of heal wounds {unknown}
 m - a potion of attraction {unknown}


   Skills:
 + Level 3.9 Dodging
 + Level 4.5 Stealth
 + Level 3.8 Spellcasting
 - Level 1.3 Transmutations
 + Level 3.7 Poison Magic


You had 7 spell levels left.
You knew the following spells:

 Your Spells              Type           Power      Damage    Failure   Level
a - Sting                 Tmut/Pois      44%        1d5       6%          1
b - Poisonous Vapours     Pois/Air       18%        N/A       12%         2

Your spell library contained the following spells:

 Spells                   Type           Power      Damage    Failure   Level
 Foxfire                  Conj/Fire      12%        2x1d4     17%         1
 Necrotise                Necr           12%        1d4       17%         1
 Mephitic Cloud           Conj/Pois/Air  7%         N/A       30%         3
 Olgreb's Toxic Radiance  Pois           14%        N/A       36%         4
 Conjure Flame            Conj/Fire      3%         6-21      45%         3
 Inner Flame              Hex/Fire       3%         N/A       45%         3
 Vampiric Draining        Necr           3%         2d6       45%         3
 Flame Wave               Conj/Fire      3%         2d5       86%         4
 Agony                    Necr           3%         N/A       99%         5


Dungeon Overview and Level Annotations

Branches:
Dungeon (3/15)

Altars:
Ashenzari
Cheibriados
Nemelex Xobeh
Qazlal
Wu Jian
Yredelemnul

Annotations:
D:3 Grinder


Innate Abilities, Weirdness & Mutations

You are very small and have problems with some larger weapons.
You are too small for most types of armour.
You have supernaturally acute eyesight. (SInv)
You cover ground extremely quickly. (Speed+++)


Message History

You are too injured to fight recklessly!
You hit Grinder but do no damage.
Grinder is almost dead.
Grinder misses you.
You hit Grinder.
Grinder is almost dead.
Grinder hits you!
* * * LOW HITPOINT WARNING * * *
You are too injured to fight recklessly!
Casting: Sting (safe; 6% risk of failure)
Confirm with . or Enter, or press ? or * to list all spells.
Aiming: Sting (safe; 6% risk of failure)
Press: ? - help, Shift-Dir - straight line, f/p - Grinder
Aim: Grinder (almost dead, 68% to hit)
The sting hits Grinder but does no damage.
Grinder is poisoned.
Grinder is almost dead.
Grinder gestures at you. You resist with some effort.
Casting: Sting (safe; 6% risk of failure)
Confirm with . or Enter, or press ? or * to list all spells.
Aiming: Sting (safe; 6% risk of failure)
Press: ? - help, Shift-Dir - straight line, f/p - Grinder
Aim: Grinder (almost dead, poisoned, 68% to hit)
You miscast Sting.
You are very lightly contaminated with residual magic.
Nothing appears to happen.
Grinder barely misses you.
Casting: Sting (safe; 6% risk of failure)
Confirm with . or Enter, or press ? or * to list all spells.
You don't have enough magic to cast this spell.
You are too injured to fight recklessly!
You are too injured to fight recklessly!
You completely miss Grinder.
Grinder is almost dead.
Grinder misses you.
You hit Grinder but do no damage.
Grinder is almost dead.
Grinder gestures at you.
You suddenly lose the ability to move!
Grinder hits you.
You die...

#.#.##.##.# #..#.5......
#.#.##....####..#####.###
#.#.............# #.###
##.####..........# #....
########...####.#########
#..## .........#...>...#
#..# ########...####..#
######..# ##.## #..#
#.5.5...# #.# #.@#
#.#####.# #########.#
#.5# #.# #.# ..........#
#.รท#######.# #.#
########### #........5.#
#.# #..........# #.#
##########.#####.#
#.......# #########


You could see Grinder (poisoned).

Vanquished Creatures
  4 gnolls
  An adder (D:3)
  2 dart slugs
  An orc (D:3)
  3 ball pythons
  11 endoplasms
  2 giant cockroaches (D:2)
  3 goblins
  5 hobgoblins
  4 jackals (D:3)
  3 bats (D:3)
  2 frilled lizards (D:2)
  8 kobolds
  3 rats (D:2)
52 creatures vanquished.

Notes
Turn   | Place    | Note
-------+----------+-------------------------------------------
     0 | D:1      | kingofthe the Spriggan Venom Mage began the quest for the
                  | Orb.
     0 | D:1      | Reached XP level 1. HP: 9/9 MP: 5/5
   803 | D:1      | Reached XP level 2. HP: 13/13 MP: 2/6
   866 | D:1      | Learned a level 2 spell: Poisonous Vapours
  1855 | D:2      | Reached XP level 3. HP: 16/16 MP: 1/8
  2475 | D:3      | Reached skill level 4 in Stealth
  2585 | D:3      | Reached XP level 4. HP: 21/21 MP: 1/10
  2907 | D:3      | Found a snail-covered altar of Cheibriados.
  3249 | D:3      | Noticed Grinder
  3331 | D:3      | Found a basalt altar of Yredelemnul.
  3333 | D:3      | Found a stormy altar of Qazlal.
  3334 | D:3      | Found a broken altar of Ashenzari.
  3335 | D:3      | Found a sparkling altar of Nemelex Xobeh.
  3338 | D:3      | Found an ornate altar of the Wu Jian Council.
  3790 | D:3      | Paralysed by Grinder for 2 turns
  3790 | D:3      | Slain by Grinder

Illustrated notes

Levels and vault maps discovered:
D:1:      dpeg_arrival_simpleton_a, layout_loops_ring
D:2:      layout_rooms, minmay_unequal
D:3:      layout_loops_ring, minitemple, uniq_grinder

Skill      XL: |  1  2  3 |
---------------+----------+-----
Dodging        | 3 |  3.9
Spellcasting   | 3 |  3.8
Stealth        | 4 |  4.5
Transmutations | |  1.3
Poison Magic   | |  3.7

Action                   |  1- 3 |  4- 6 || total
-------------------------+-------+-------++-------
Melee: Whip              |    28 |    17 ||    45
       Dagger            |     1 |       ||     1
       Punch             |     1 |       ||     1
 Cast: Sting             |    64 |    42 ||   106
       Poisonous Vapours |    15 |     5 ||    20
 Stab: Sleeping          |     1 |       ||     1
Armor: Robe              |     2 |     1 ||     3
Dodge: Dodged            |    27 |    25 ||    52
